 Dungeon Crawl Stone Soup version 0.30-a0-605-gb2882149bf (webtiles) character file.

Game seed: 15950312805902977946

51 themarg the Insei (level 3, -6/28 HPs)
             Began as a Gnoll Transmuter on Jan 7, 2023.
             Mangled by a worm (9 damage)
             ... on level 2 of the Dungeon.
             The game lasted 00:02:21 (1068 turns).

themarg the Insei (Gnoll Transmuter)                Turns: 1068, Time: 00:02:22

Health: -6/28      AC:  2    Str:  9    XL:     3   Next: 83%
Magic:  6/9        EV: 22    Int: 14    God:
Gold:   86         SH:  0    Dex: 17    Spells: 6/12 levels left

rFire   . . .      SeeInvis .      - Unarmed
rCold   + . .      Faith    .    (shield currently unavailable)
rNeg    . . .      Spirit   .    (body armour currently unavailable)
rPois   x          Reflect  .    (helmet currently unavailable)
rElec   .          Harm     .    (cloak currently unavailable)
rCorr   .          Rampage  .    (gloves currently unavailable)
Will    .....                    (boots currently unavailable)
Stlth   ++                       (no amulet)
HPRegen 0.24/turn                m - ring of protection from cold
MPRegen 0.11/turn                (no ring)

@: spider-form
A: venomous fangs, tiny, (fangs 1), strong nose, distributed training
a: End Transformation


You were on level 2 of the Dungeon.
You were a venomous arachnid creature.
You visited 1 branch of the dungeon, and saw 2 of its levels.

You collected 86 gold pieces.

Inventory:

Missiles
 f - 8 stones
Armour
 a - a +0 robe (melded)
Jewellery
 m - a ring of protection from cold (left front pincers)
Scrolls
 d - a scroll of blinking {unknown}
 e - a scroll of teleportation {unknown}
 g - a scroll of immolation {unknown}
 h - 2 scrolls of fog {unknown}
 i - 2 scrolls of identify {unknown}
Potions
 b - a potion of lignification
 c - a potion of might {unknown}
 j - a potion of invisibility {unknown}
 k - a potion of haste {unknown}
 l - a potion of attraction {unknown}


   Skills:
 + Level 2.7 Fighting
 + Level 1.0 Short Blades
 + Level 1.0 Long Blades
 + Level 1.0 Axes
 + Level 1.0 Maces & Flails
 + Level 1.0 Polearms
 + Level 1.0 Staves
 + Level 1.0 Ranged Weapons
 + Level 1.0 Throwing
 + Level 1.0 Armour
 + Level 4.6 Dodging
 + Level 1.0 Stealth
 + Level 1.0 Shields
 + Level 6.5 Unarmed Combat
 + Level 5.0 Spellcasting
 + Level 0.7 Conjurations
 + Level 0.7 Hexes
 + Level 0.7 Summonings
 + Level 0.7 Necromancy
 + Level 0.7 Translocations
 + Level 3.8 Transmutations
 + Level 0.7 Fire Magic
 + Level 0.7 Ice Magic
 + Level 0.7 Air Magic
 + Level 0.7 Earth Magic
 + Level 0.7 Poison Magic
 + Level 1.1 Invocations
 + Level 1.0 Evocations


You had 6 spell levels left.
You knew the following spells:

 Your Spells              Type           Power      Damage    Failure   Level
a - Beastly Appendage     Tmut           28%        N/A       12%         1
b - Wereblood             Tmut           14%        N/A       16%         2
c - Spider Form           Tmut/Pois      9%         N/A       41%         3

Your spell library contained the following spells:

 Spells                   Type           Power      Damage    Failure   Level
 Ice Form                 Ice/Tmut       9%         N/A       77%         4


Dungeon Overview and Level Annotations

Branches:
Dungeon (2/15)

Altars:


Innate Abilities, Weirdness & Mutations

You are a venomous arachnid creature.
You have venomous fangs.
You are tiny and dextrous.
Your spellcasting is less reliable in this form.
Your armour is entirely melded.
You are incapable of wielding weapons or throwing items.
((You have very sharp teeth.))
Your uncanny sense of smell can sniff out nearby items.
Your experience applies equally to all skills.


Message History

Found a stone staircase leading down.
There is a stone staircase leading down here.
A giant cockroach comes into view.
You grow a pair of large bovine horns.
Your feet morph into talons.
You completely miss the giant cockroach.
You headbutt the giant cockroach, but do no damage.
The giant cockroach barely misses you. The giant cockroach closely misses you.
You punch the giant cockroach!
You kill the giant cockroach!
You see here a giant cockroach corpse.
Your transformation is almost over.
Your horns disappear.
Your talons disappear.
Found a stone staircase leading down.
A goblin comes into view. It is wielding a +0 dagger.
A worm comes into view.
You grow a pair of large bovine horns.
Your feet morph into talons.
You miss the goblin. Your headbutt misses the goblin.
The goblin closely misses you.
You closely miss the goblin. Your headbutt misses the goblin.
You bite the goblin, but do no damage. The goblin hits you with a +0 dagger.
You hit the goblin. You headbutt the goblin.
You kill the goblin!
An endoplasm comes into view.
The worm bites you!
You see here a +0 dagger.
You completely miss the worm. You claw the worm, but do no damage.
The worm barely misses you. The worm bites you!
You see here a +0 dagger.
You hit the worm. Your kick misses the worm. Your headbutt misses the worm.
The worm is lightly wounded.
You barely miss the worm.
The worm is lightly wounded.
The worm bites you!
* * * LOW HITPOINT WARNING * * *
The spell is quite dangerous to miscast (21% risk of failure)!
Continue anyway?
Your horns disappear.
Your talons disappear.
You turn into a venomous arachnid creature.
Your +0 robe melds into your body.
The worm bites you!
You die...

#####.#############
#.# ##.# #..#
###.## #...# #.###
#.# #s# #..w......#
#.>....J...
##.........
#.........
#.........
#########.


You could see a worm and an endoplasm (asleep).

Vanquished Creatures
  An adder (D:2)
  2 dart slugs (D:1)
  4 endoplasms (D:1)
  2 giant cockroaches
  3 goblins
  4 hobgoblins
  6 jackals (D:1)
  2 kobolds (D:1)
  A quokka (D:1)
  A ball python (D:1)
  4 bats (D:1)
  2 frilled lizards (D:1)
  2 rats
34 creatures vanquished.

Notes
Turn   | Place    | Note
-------+----------+-------------------------------------------
     0 | D:1      | themarg the Gnoll Transmuter began the quest for the Orb.
     0 | D:1      | Reached XP level 1. HP: 17/17 MP: 6/6
   117 | D:1      | Reached XP level 2. HP: 23/23 MP: 5/7
   120 | D:1      | Learned a level 2 spell: Wereblood
   451 | D:1      | Reached skill level 5 in Spellcasting
   451 | D:1      | Reached XP level 3. HP: 28/28 MP: 6/9
   455 | D:1      | Learned a level 3 spell: Spider Form
   701 | D:1      | Reached skill level 1 in Invocations
   935 | D:2      | Reached skill level 1 in Short Blades
   935 | D:2      | Reached skill level 1 in Long Blades
   935 | D:2      | Reached skill level 1 in Axes
   935 | D:2      | Reached skill level 1 in Maces & Flails
   935 | D:2      | Reached skill level 1 in Polearms
   935 | D:2      | Reached skill level 1 in Staves
   935 | D:2      | Reached skill level 1 in Ranged Weapons
   935 | D:2      | Reached skill level 1 in Throwing
   935 | D:2      | Reached skill level 1 in Armour
   935 | D:2      | Reached skill level 1 in Stealth
   935 | D:2      | Reached skill level 1 in Shields
   935 | D:2      | Reached skill level 1 in Evocations
  1068 | D:2      | Mangled by a worm

Illustrated notes

Levels and vault maps discovered:
D:1:      lightli_arrival_flooded_house, layout_loops_ring
D:2:      layout_basic, uniq_robin

Skill      XL: |  1  2  3 |
---------------+----------+-----
Spellcasting   | 5 |  5.0
Invocations    | 1 |  1.1
Short Blades   | 1 |  1.0
Long Blades    | 1 |  1.0
Axes           | 1 |  1.0
Maces & Flails | 1 |  1.0
Polearms       | 1 |  1.0
Staves         | 1 |  1.0
Ranged Weapons | 1 |  1.0
Throwing       | 1 |  1.0
Armour         | 1 |  1.0
Stealth        | 1 |  1.0
Shields        | 1 |  1.0
Evocations     | 1 |  1.0
Fighting       | |  2.7
Dodging        | |  4.6
Unarmed Combat | |  6.5
Conjurations   | |  0.7
Hexes          | |  0.7
Summonings     | |  0.7
Necromancy     | |  0.7
Translocations | |  0.7
Transmutations | |  3.8
Fire Magic     | |  0.7
Ice Magic      | |  0.7
Air Magic      | |  0.7
Earth Magic    | |  0.7
Poison Magic   | |  0.7

Action                   || total
-------------------------++-------
Melee: Unarmed           ||    79
       Kick              ||    13
       Headbutt          ||    10
       Bite              ||     4
       Punch             ||     1
 Cast: Beastly Appendage ||    21
       Wereblood         ||     3
       Spider Form       ||     1
 Stab: Sleeping          ||     1
Armor: Robe              ||     9
Dodge: Dodged            ||    48

Table legend: (Time is in decaauts)
 A = Elapsed time spent in this place.
 B = Non-inter-level travel time spent in this place.
 C = Inter-level travel time spent in this place.
 D = Time resting spent in this place.
 E = Time spent auto-exploring this place.
 F = Levels seen in this place.
 G = Mean time per level.
                   A        B        C        D        E       F      G
               +--------+--------+--------+--------+--------+-----+--------+
         Total |   1058 |   1042 |     16 |      0 |    832 |   2 |  529.0 |
       Dungeon |   1058 |   1042 |     16 |      0 |    832 |   2 |  529.0 |
               +--------+--------+--------+--------+--------+-----+--------+

Top non-repeatable levels by time:
     D:1: 892 daAuts
     D:2: 166 daAuts
